 Dungeon Crawl Stone Soup version 0.30.1 (webtiles) character file.

Game seed: 5871538904653002157

897 Sanktem7 the Chopper (level 7, 0/88 (93) HPs)
             Began as a Minotaur Fighter on July 7, 2023.
             Was an Initiate of Okawaru.
             Succumbed to a wight's poison
             ... on level 6 of the Dungeon.
             The game lasted 00:05:54 (4441 turns).

Sanktem7 the Chopper (Minotaur Fighter)             Turns: 4441, Time: 00:05:55

HP:   0/88 (93)     AC: 11    Str: 23    XL:     7   Next: 79%
MP:   0/6           EV:  9    Int:  5    God:    Okawaru [......]
Gold: 221           SH:  5    Dex:  9    Spells: 6/6 levels left

rFire   + . .        D - +0 war axe (flame) {axe}
rCold   . . .        c - +0 buckler
rNeg    . . .        b - +0 scale mail
rPois   .            (helmet restricted)
rElec   .            (no cloak)
rCorr   .            B - +1 pair of gloves
SInv    .            w - +0 pair of boots
Will    .....        i - amulet of guardian spirit Stlth
                     A - ring of protection from fire
HPRegen 0.34/turn    (no ring)
MPRegen 0.10/turn

%: guardian spirit
@: berserking (expiring), lethally poisoned (0 -> -7), attractive, flying,
lightly drained, very quick
A: horns 2, retaliatory headbutt
a: Renounce Religion


You were on level 6 of the Dungeon.
You worshipped Okawaru.
Okawaru was noncommittal.
You visited 2 branches of the dungeon, and saw 7 of its levels.

You collected 328 gold pieces.
You spent 107 gold pieces at shops.


Innate Abilities, Weirdness & Mutations

You have a pair of horns on your head.
You reflexively headbutt those who attack you in melee.


   Skills:
 + Level 5.9 Fighting
 * Level 7.2 Axes
 + Level 0.0 Throwing
 + Level 5.9 Armour
 + Level 5.9 Shields


You had 6 spell levels left.
You didn't know any spells.
Your spell library contained the following spells:

 Spells                   Type           Power      Damage    Failure   Level
 Sandblast                Erth           0%         2d4       83%         1
 Sting                    Tmut/Pois      0%         1d3       83%         1
 Passwall                 Tmut/Erth      0%         N/A       92%         2
 Poisonous Vapours        Pois/Air       0%         N/A       92%         2
 Gell's Gravitas          Tloc           0%         N/A       99%         3
 Portal Projectile        Hex/Tloc       0%         N/A       99%         3
 Stone Arrow              Conj/Erth      0%         3d7       99%         3
 Teleport Other           Tloc           0%         N/A       99%         3
 Leda's Liquefaction      Hex/Erth       0%         N/A       100%        4
 Olgreb's Toxic Radiance  Pois           0%         N/A       100%        4
 Dispersal                Tloc           0%         N/A       100%        6
 Call Canine Familiar     Summ           Unusable   N/A       N/A         3

Inventory:

Hand Weapons
 C - a +1 flail of holy wrath {mace}
   (You took it off an orc on level 4 of the Dungeon)
 D - a +0 war axe of flaming (weapon) {axe}
   (You bought it in a shop on level 5 of the Dungeon)
Missiles
 g - 59 stones (quivered) {throwing}
 n - 8 poisoned darts {throwing}
 x - 5 datura-tipped darts {throwing}
Armour
 b - a +0 scale mail (worn)
 c - a +0 buckler (worn)
 w - a +0 pair of boots (worn)
   (You found it on level 3 of the Dungeon)
 B - a +1 pair of gloves (worn)
   (You found it on level 4 of the Dungeon)
Magical Staves
 l - a staff of conjuration {!a@e2staff}
   (You found it on level 2 of the Dungeon)
 H - a staff of air {!astaff}
   (You found it on level 6 of the Dungeon)
Jewellery
 i - an amulet of guardian spirit (around neck)
   (You took it off a hobgoblin on level 1 of the Dungeon)
 A - a ring of protection from fire (left hand)
   (You found it on level 4 of the Dungeon)
Wands
 F - a wand of light (7)
   (You took it off Blork the orc on level 5 of the Dungeon)
Scrolls
 a - a scroll of enchant weapon {unknown}
 k - 5 scrolls of fog {unknown}
 m - 2 scrolls of enchant armour {unknown}
 p - a scroll of teleportation {unknown}
 t - a scroll of blinking {unknown}
 u - 9 scrolls of identify {unknown}
 v - 3 scrolls of noise {unknown}
 y - a scroll of vulnerability {unknown}
 G - 2 scrolls of fear {unknown}
Potions
 d - 2 potions of might
 e - 3 potions of attraction {!q}
 f - a potion of flight
 h - 3 potions of curing {unknown}
 j - 2 potions of berserk rage {!q}
 o - 2 potions of brilliance {unknown}
 q - a potion of ambrosia {unknown}
 r - 3 potions of haste {unknown}
 s - a potion of resistance
 z - a potion of lignification {unknown}
 E - 2 potions of heal wounds {unknown}

Dungeon Overview and Level Annotations

Branches:
Dungeon (6/15) Zot: 26703  Temple (1/1) D:6 Zot: 5945

Altars:
Cheibriados
Elyvilon
Gozag
Nemelex Xobeh
Okawaru
Qazlal
Sif Muna
Wu Jian
Xom
Yredelemnul
Zin
The Shining One

Shops:
D:5 * D:6

= .###### #.##.....zz..)g..> .#
#....g..########zo .########
####z#### ......... #z#
.######## #g# ## ####.# #.zยง.#
##### #.#### ....#####.#### #@#
.........#...# #.#
##.#.####^##.# #.# #######
#.###.###.##.# #.# #.....# .##
##.##.##.# #.#####.....# ##
##...##.###.......)...###.#. .##
##................[..........
..###.##.......................#
##.#.###.#######.#######.#######


You could see a wight.


Message History

๐Ÿ˜• HP[-2]
You take 2 damage, and now have 58/62 hp.
You hit the wight but do no damage.
You feel very sick.
The gnoll hits you from afar with a +0 halberd.
The wight closely misses you. You furiously retaliate!
You headbutt the wight. ๐Ÿ˜• HP[-4]
You take 4 damage, and now have 54/62 hp.
You hit the wight but do no damage.
You feel sick. The gnoll closely misses you.
The wight hits you with a +0 short sword of venom.
You feel drained.
You are more poisoned. ๐Ÿ˜• HP[-8] MP[-1]
You now have 60 max hp (-2).
You take 8 damage, and now have 46/60 hp.
You lost 1 mp, and now have 5/6 mp.
You feel very sick. ๐Ÿ˜ฎ HP[-5]
You take 5 damage, and now have 41/60 hp.
Unknown command.
You feel very sick.
The orc wizard mumbles some strange words.
The orc wizard flickers and vanishes!
Deactivating autopickup; reactivate with Ctrl-A. ๐Ÿ˜ฎ HP[-3]
You take 3 damage, and now have 38/60 hp.
You feel very sick. ๐Ÿ˜ฎ HP[-3]
You take 3 damage, and now have 35/60 hp.
You feel very sick. ๐Ÿ˜ฎ HP[-3]
You take 3 damage, and now have 32/60 hp.
You feel sick. ๐Ÿ˜ฎ HP[-1]
You take 1 damage, and now have 31/60 hp.
The wight attacks as you move away! The wight hits you but does no damage.
You feel sick. ๐Ÿ˜จ HP[-1]
You take 1 damage, and now have 30/60 hp.
You feel sick. ๐Ÿ˜จ HP[-1]
You take 1 damage, and now have 29/60 hp.
You feel sick.
You feel sick. ๐Ÿ˜จ HP[-1]
You take 1 damage, and now have 28/60 hp.
You feel sick. ๐Ÿ˜จ HP[-1] MP[+1]
You take 1 damage, and now have 27/60 hp.
Your mp is fully restored (6).
The wight attacks as you move away!
The wight hits you with a +0 short sword of venom!
* * * LOW HITPOINT WARNING * * *
You feel drained.
You are more poisoned.
You feel very sick. ๐Ÿ˜จ HP[-8] MP[-3]
You now have 59 max hp (-1).
You take 8 damage, and now have 19/59 hp.
You lost 3 mp, and now have 3/6 mp.
You feel very sick. ๐Ÿ˜จ HP[-2]
You take 2 damage, and now have 17/59 hp.
Okay, then.
It was a potion of attraction.
You feel attractive to monsters.
You feel sick. The wight barely misses you.
The wight is attracted toward you. x2 ๐Ÿ˜จ HP[-1]
You take 1 damage, and now have 16/59 hp.
It was a potion of flight.
You feel very buoyant.
You fly up into the air.
You feel sick.
The gnoll hits you from afar with a +0 halberd!
* * * LOW HITPOINT WARNING * * *
The wight hits you with a +0 short sword of venom.
* * * LOW HITPOINT WARNING * * *
You are lethally poisoned! ๐Ÿ˜ฑ HP[-12] MP[-3]
You take 12 damage, and now have 4/59 hp.
MASSIVE DAMAGE!! (PAUSE)
You lost 3 mp, and now have 0/6 mp.
It was a potion of berserk rage.
A red film seems to cover your vision as you go berserk!
You feel yourself moving faster!
You feel mighty!
* * * LOW HITPOINT WARNING * * *
You feel very sick. The gnoll barely misses you. You block the wight's attack.
You now have 88 max hp (+29).
Unknown command.
You are too berserk!
You feel a strong urge to attack something.
* * * LOW HITPOINT WARNING * * *
You feel sick. ๐Ÿ˜ฑ HP[-2]
You take 2 damage, and now have 2/88 hp.
* * * LOW HITPOINT WARNING * * *
You feel sick. The wight is attracted toward you.
You feel your anger nearly subside.
You die...

Skill      XL: |  1  2  3  4  5  6  7 |
---------------+----------------------+-----
Axes           | 3 4 5 6 7 |  7.2
Shields        | 4 5 |  5.9
Fighting       | 4 5 |  5.9
Armour         | 4 5 |  5.9

Action                     |  1- 3 |  4- 6 |  7- 9 || total
---------------------------+-------+-------+-------++-------
  Melee: War axe           |    58 |   130 |    35 ||   223
         Headbutt          |     7 |    17 |     8 ||    32
    Use: Potion            |       |       |     3 ||     3
 Armour: Scale mail        |    26 |    60 |    13 ||    99
  Dodge: Dodged            |    40 |    61 |    18 ||   119
  Block: Buckler           |    14 |    31 |    10 ||    55

Levels and vault maps discovered:
D:1:      minmay_arrival_four_loops, layout_rooms, minmay_pentomino_u4
D:2:      layout_basic, hellmonk_ecumenical_altar_leap_of_faith
D:3:      layout_loops_ring, kennysheep_potato, uniq_jessica
D:4:      minmay_inner_zag, layout_rooms, nemelex_altar_shiori
D:5:      layout_loops_ring, nicolae_elyvilon_peaceful_grove,
          minmay_shop_mayhem, uniq_blork_the_orc
D:6:      layout_loops_ring, mainiacjoe_overflow_cross_hatched,
          chequers_temple_overflow_minitemple, minmay_temple_entry_trees,
          nicolae_shop_unique_rings
Temple:   nicolae_temple_bog_church

Notes
Turn   | Place    | Note
-------+----------+-------------------------------------------
     0 | D:1      | Sanktem7 the Minotaur Fighter began the quest for the Orb.
     0 | D:1      | Reached XP level 1. HP: 19/19 MP: 0/0
     0 | D:1      | magus.rc [v1.9.6]
   101 | D:1      | Reached XP level 2. HP: 24/27 MP: 1/1
   117 | D:1      | Reached skill level 3 in Axes
   129 | D:1      | You add the spells Sting, Poisonous Vapours and Olgreb's
                  | Toxic Radiance to your library.
   258 | D:1      | You add the spells Gell's Gravitas, Teleport Other and
                  | Dispersal to your library.
   317 | D:1      | Reached XP level 3. HP: 31/33 MP: 2/2
   423 | D:1      | Reached skill level 4 in Shields
   427 | D:1      | Reached skill level 4 in Fighting
   431 | D:1      | Reached skill level 4 in Armour
   609 | D:2      | You pick up a book of the Hunter and begin reading...
   609 | D:2      | You add the spells Call Canine Familiar, Portal Projectile
                  | and Leda's Liquefaction to your library.
   665 | D:2      | Found a faded altar of an unknown god.
   702 | D:2      | HP: 8/33 [gnoll/+0 flail (2)]
   704 | D:2      | HP: 1/33 [gnoll/+0 flail (8)]
   705 | D:2      | Reached XP level 4. HP: 1/40 MP: 3/3
   993 | D:2      | Reached skill level 4 in Axes
  1102 | D:2      | Identified the +1 pair of gloves of Action {Drain rC-
                  | Dex+8}
  1374 | D:3      | Reached XP level 5. HP: 31/47 MP: 4/4
  1383 | D:3      | HP: 11/47 [frozen (2)]
  1734 | D:3      | Noticed Jessica
  1740 | D:3      | HP: 6/47 [Jessica/nerve-wracking pain (13)]
  1750 | D:3      | Killed Jessica
  2032 | D:3      | Reached skill level 5 in Axes
  2337 | D:4      | Noticed an ogre
  2345 | D:4      | HP: 10/47 [ogre/+0 giant club (22)]
  2346 | D:4      | HP: 2/47 [ogre/+0 giant club (8)]
  2347 | D:4      | Killed an ogre
  2348 | D:4      | Reached skill level 5 in Fighting
  2348 | D:4      | Reached skill level 5 in Shields
  2348 | D:4      | Reached XP level 6. HP: 3/56 MP: 5/5
  2591 | D:4      | Reached skill level 5 in Armour
  2947 | D:4      | Found a sparkling altar of Nemelex Xobeh.
  3172 | D:5      | Entered Level 5 of the Dungeon
  3204 | D:5      | Found Gafak's Mayhem Merchandise.
  3211 | D:5      | Bought a +0 war axe of flaming for 107 gold pieces
  3380 | D:5      | Reached skill level 6 in Axes
  3561 | D:5      | Found a white marble altar of Elyvilon.
  3666 | D:5      | Reached XP level 7. HP: 57/61 MP: 4/6
  3983 | D:5      | Noticed Blork the orc
  3987 | D:5      | Killed Blork the orc
  4131 | D:6      | Found Hurod's One-of-a-Kind Rings.
  4231 | D:6      | You pick up a book of Geomancy and begin reading...
  4231 | D:6      | You add the spells Sandblast, Passwall and Stone Arrow to
                  | your library.
  4278 | D:6      | Reached skill level 7 in Axes
  4278 | D:6      | Found a staircase to the Ecumenical Temple.
  4301 | Temple   | Entered the Ecumenical Temple
  4345 | Temple   | Became a worshipper of Warmaster Okawaru
  4401 | D:6      | Found an opulent altar of Gozag.
  4437 | D:6      | HP: 14/59 [poisoned by a wight]
  4437 | D:6      | HP: 4/59 [wight/+0 short sword of venom (3)]
  4441 | D:6      | Succumbed to a wight's poison

Vanquished Creatures
  3 ogres
  A black bear (D:5)
  A phantom (D:5)
  Blork the orc (D:5)
  A hound (D:5)
  An orc priest (D:4)
  Jessica (D:3)
  An iguana (D:6)
  An orc wizard (D:3)
  A sleepcap (D:5)
  8 adders
  8 gnolls
  A shadow imp (D:6)
  2 worms (D:3)
  A dart slug (D:3)
  11 orcs
  5 endoplasms
  4 giant cockroaches
  3 goblins
  9 hobgoblins
  4 jackals (D:1)
  3 quokkas
  7 ball pythons
  6 bats
  3 frilled lizards
  9 kobolds
  5 rats
101 creatures vanquished.

Table legend:
 A = Non-vault XP
 B = Vault XP
 C = Vault XP percentage of total XP
 D = Non-vault monster count
 E = Vault monster count
 F = Vault count percentage of total count
                 A         B        C        D         E       F
            +---------+---------+-------+---------+---------+-------
      Total |    1125 |     157 |  12.2 |      90 |      11 |  10.9
            +---------+---------+-------+---------+---------+-------
        D:1 |      44 |       7 |  13.7 |      27 |       4 |  12.9
        D:2 |     115 |       0 |   0.0 |      17 |       0 |   0.0
        D:3 |     151 |      44 |  22.6 |      25 |       3 |  10.7
        D:4 |     184 |      19 |   9.4 |       9 |       3 |  25.0
        D:5 |     434 |      87 |  16.7 |       7 |       1 |  12.5
        D:6 |     197 |       0 |   0.0 |       5 |       0 |   0.0
            +---------+---------+-------+---------+---------+-------

Skill      XL: |  1  2  3  4  5  6  7 |
---------------+----------------------+-----
Axes           | 3 4 5 6 7 |  7.2
Shields        | 4 5 |  5.9
Fighting       | 4 5 |  5.9
Armour         | 4 5 |  5.9

Action                     |  1- 3 |  4- 6 |  7- 9 || total
---------------------------+-------+-------+-------++-------
  Melee: War axe           |    58 |   130 |    35 ||   223
         Headbutt          |     7 |    17 |     8 ||    32
    Use: Potion            |       |       |     3 ||     3
 Armour: Scale mail        |    26 |    60 |    13 ||    99
  Dodge: Dodged            |    40 |    61 |    18 ||   119
  Block: Buckler           |    14 |    31 |    10 ||    55

Illustrated notes

Table legend:
 A = Kills in this place as a percentage of kills in the entire game.
 B = Kills by you in this place as a percentage of kills by you in the entire game.
 C = Kills by friends in this place as a percentage of kills by friends in the entire game.
 D = Other kills in this place as a percentage of other kills in the entire game.
 E = Experience gained in this place as a percentage of experience gained in the entire game.
 F = Experience gained in this place divided by the number of levels of this place that you have seen.
                   A       B       C       D       E      F
               +-------+-------+-------+-------+-------+----------------------
         Total | 100.0 | 100.0 |   N/A |   N/A | 100.0 | 183.1
       Dungeon | 100.0 | 100.0 |   N/A |   N/A | 100.0 | 213.7
               +-------+-------+-------+-------+-------+----------------------

Table legend: (Time is in decaauts)
 A = Elapsed time spent in this place.
 B = Non-inter-level travel time spent in this place.
 C = Inter-level travel time spent in this place.
 D = Time resting spent in this place.
 E = Time spent auto-exploring this place.
 F = Levels seen in this place.
 G = Mean time per level.
                   A        B        C        D        E       F      G
               +--------+--------+--------+--------+--------+-----+--------+
         Total |   4514 |   4420 |     94 |      0 |   3795 |   7 |  644.9 |
       Dungeon |   4459 |   4373 |     86 |      0 |   3762 |   6 |  743.2 |
        Temple |     54 |     46 |      8 |      0 |     33 |   1 |   54.0 |
               +--------+--------+--------+--------+--------+-----+--------+

Top non-repeatable levels by time:
     D:3: 1085 daAuts
     D:5: 928 daAuts
     D:4: 840 daAuts
     D:2: 705 daAuts
     D:1: 603 daAuts
     D:6: 296 daAuts
  Temple: 54 daAuts
